 Dungeon Crawl Stone Soup version 0.26-a0-394-g0b5ff556b1 (webtiles) character file.

Game seed: 18137771638617851388

57 BeastOfSaturn the Vexing (level 3, -2/24 HPs)
             Began as a Demonspawn Enchanter on July 23, 2020.
             Slain by an adder (3 damage)
             ... on level 2 of the Dungeon.
             The game lasted 00:06:05 (2358 turns).

BeastOfSaturn the Vexing (Demonspawn Enchanter)     Turns: 2358, Time: 00:06:06

Health: -2/24      AC:  6    Str:  9    XL:     3   Next: 73%
Magic:  6/6        EV: 12    Int: 16    God:
Gold:   34         SH:  0    Dex: 13    Spells: 2/6 levels left

rFire    . . .     SeeInvis .   a - +1 dagger
rCold    + . .     Faith    .   (no shield)
rNeg     . . .     Spirit   .   b - +0 robe
rPois    .         Reflect  .   (no helmet)
rElec    .         Harm     .   (no cloak)
rCorr    .                      (no gloves)
MR       .....                  f - +0 pair of boots
Stlth    ++........             (no amulet)
HPRegen  0.08/turn              g - ring of protection from cold
MPRegen  0.10/turn              (no ring)

@: lethally poisoned (-2 -> -8)
A: yellow scales 2
a: no special abilities


You were on level 2 of the Dungeon.
You visited 1 branch of the dungeon, and saw 2 of its levels.

You collected 34 gold pieces.

Inventory:

Hand Weapons
 a - a +1 dagger (weapon)
Missiles
 e - 12 poisoned darts (quivered)
Armour
 b - a +0 robe (worn)
 f - a +0 pair of boots (worn)
Jewellery
 g - a ring of protection from cold (left hand)
Scrolls
 c - 2 scrolls of teleportation {unknown}
 d - 2 scrolls of magic mapping {unknown}
 h - 3 scrolls of identify {unknown}
 j - a scroll of remove curse {unknown}
 k - a scroll of enchant armour {unknown}
Potions
 i - a potion of ambrosia {unknown}
 l - a potion of heal wounds {unknown}
 m - a potion of curing {unknown}


   Skills:
 * Level 2.2 Short Blades
 - Level 2.0 Dodging
 - Level 2.6 Stealth
 * Level 2.0 Spellcasting
 * Level 3.9 Hexes


You had 2 spell levels left.
You knew the following spells:

 Your Spells              Type           Power        Failure   Level
a - Corona                Hex            ##.....      4%          1
b - Tukima's Dance        Hex            ##......     12%         3

Your spell library contained the following spells:

 Spells                   Type           Power        Failure   Level
 Ensorcelled Hibernation  Hex/Ice        #.....       14%         2
 Confusing Touch          Hex            ##......     12%         3
 Dazzling Flash           Conj/Hex       #.....       28%         3


Dungeon Overview and Level Annotations

Branches:
Dungeon (2/15)

Altars:


Innate Abilities, Weirdness & Mutations

You are mostly covered in yellow scales. (AC +3)


Message History

The adder is severely wounded.
* * * LOW HITPOINT WARNING * * *
You feel sick. The adder barely misses you.
You miss the adder.
The adder is severely wounded.
The adder bites you.
* * * LOW HITPOINT WARNING * * *
You miss the adder.
The adder is severely wounded.
* * * LOW HITPOINT WARNING * * *
You feel sick. The adder bites you.
* * * LOW HITPOINT WARNING * * *
You hit the adder.
The adder is almost dead.
* * * LOW HITPOINT WARNING * * *
You feel sick. The adder barely misses you.
You closely miss the adder.
The adder is almost dead.
The adder bites you.
You die...

##.###...##.##.######.# #.#
#...##.##.######.#
#.####.###...........#
##.##.(......##############
###..####.###...............#
.###..######'###..############.#
.....<.# #.....##.######## #.#
....S..###.....#..>....... #.#
.......##......S@......... #[#
.......r.รท.....#.......... #.#
.......##.##.###.......... #.#
.#...#.##.##.#################.#
.#...#.........................#
###.......#r###################
#####...#.###........# #
#....l..'........# #
#...#.###........#


You could see an adder.

Vanquished Creatures
  An adder (D:2)
  A worm (D:2)
  3 dart slugs
  3 leopard geckos (D:1)
  3 bats
  2 giant cockroaches (D:2)
  5 goblins (D:1)
  5 hobgoblins
  4 kobolds
  2 frilled lizards (D:1)
  6 rats
35 creatures vanquished.

Notes
Turn   | Place    | Note
-------+----------+-------------------------------------------
     0 | D:1      | BeastOfSaturn the Demonspawn Enchanter began the quest for
                  | the Orb.
     0 | D:1      | Reached XP level 1. HP: 13/13 MP: 3/3
   126 | D:1      | Reached skill level 1 in Short Blades
   288 | D:1      | Gained mutation: You are partially covered in yellow
                  | scales. (AC +2) [demonic ancestry]
   288 | D:1      | Reached XP level 2. HP: 16/19 MP: 5/5
  1163 | D:2      | Gained mutation: You are mostly covered in yellow scales.
                  | (AC +3) [demonic ancestry]
  1163 | D:2      | Reached XP level 3. HP: 21/24 MP: 6/6
  1719 | D:2      | Learned a level 3 spell: Tukima's Dance
  2357 | D:2      | HP: 1/24 [poisoned by an adder]
  2358 | D:2      | Slain by an adder

Illustrated notes

Levels and vault maps discovered:
D:1:      dpeg_arrival_fog, layout_basic
D:2:      cheibrodos_helix_gallery, layout_basic, nemelex_altar_shiori,
          minmay_quantized

Skill      XL: |  1  2  3 |
---------------+----------+-----
Short Blades   | 1 2 |  2.2
Dodging        | 2 |  2.0
Stealth        | |  2.6
Spellcasting   | |  2.0
Hexes          | |  3.9

Action                   || total
-------------------------++-------
Melee: Dagger            ||   204
 Cast: Corona            ||     6
 Stab: Sleeping          ||    11
Armor: Robe              ||    52
Dodge: Dodged            ||   103

Table legend: (Time is in decaauts)
 A = Elapsed time spent in this place.
 B = Non-inter-level travel time spent in this place.
 C = Inter-level travel time spent in this place.
 D = Time resting spent in this place.
 E = Time spent auto-exploring this place.
 F = Levels seen in this place.
 G = Mean time per level.
                   A        B        C        D        E       F      G
               +--------+--------+--------+--------+--------+-----+--------+
         Total |   2343 |   2283 |     60 |    686 |   1084 |   2 | 1171.5 |
       Dungeon |   2343 |   2283 |     60 |    686 |   1084 |   2 | 1171.5 |
               +--------+--------+--------+--------+--------+-----+--------+

Top non-repeatable levels by time:
     D:1: 1661 daAuts
     D:2: 682 daAuts
